 Dungeon Crawl Stone Soup version 0.20.0-6-gd3061e9 (webtiles) character file.

82 mopl the Digger (level 4, -6/33 HPs)
             Began as a Demigod Earth Elementalist on May 28, 2017.
             Killed by nerve-wracking pain
             ... invoked by an orc priest
              (10 damage)
             ... on level 3 of the Dungeon.
             The game lasted 00:03:26 (2105 turns).

mopl the Digger (Demigod Earth Elementalist)        Turns: 2105, Time: 00:03:28

Health: -6/33      AC:  5    Str: 11    XL:     4   Next: 1%
Magic:  0/10       EV: 12    Int: 21    God:
Gold:   153        SH:  0    Dex: 16    Spells: 2/8 levels left

rFire    . . .     SeeInvis .   o - +0 war axe (venom)
rCold    . . .     Gourm    .   (no shield)
rNeg     . . .     Faith    .   c - +0 robe
rPois    .         Spirit   .   v - +2 helmet
rElec    .         Reflect  .   (no cloak)
rCorr    .         Harm     .   (no gloves)
MR       .....                  (no boots)
Stlth    ++........             (no amulet)
Regen    0.2/turn               (no ring)
MPRegen  0.2/turn               (no ring)

@: no status effects
A: high mp 1
a: no special abilities


You were on level 3 of the Dungeon.
You were not hungry.

You visited 1 branch of the dungeon, and saw 3 of its levels.

You collected 153 gold pieces.

Inventory:

Hand Weapons
 h - a +0 dagger
 o - a +0 war axe of venom (weapon)
Missiles
 b - 152 stones (quivered)
 g - 26 poisoned needles
 i - 8 needles of confusion
Armour
 c - a +0 robe (worn)
 v - a +2 helmet (worn)
Scrolls
 f - a scroll of enchant weapon {unknown}
 k - a scroll of random uselessness {unknown}
 q - a scroll of magic mapping {unknown}
 s - a scroll of teleportation {unknown}
 t - a scroll of immolation {unknown}
Potions
 a - a potion of brilliance {unknown}
 j - 2 potions of berserk rage {unknown}
 l - 2 potions of curing {unknown}
 m - 2 potions of might {unknown}
 n - a potion of flight {unknown}
 p - a potion of cancellation {unknown}
 r - a potion of lignification {unknown}
Books
 e - a book of Geomancy

   Spells                             Type                      Level
   a - Sandblast                      Earth                        1
   b - Passwall                       Transmutation/Earth          2
   c - Stone Arrow                    Conjuration/Earth            3
   d - Petrify                        Transmutation/Earth          4
   e - Lee's Rapid Deconstruction     Earth                        5
Comestibles
 d - a bread ration


   Skills:
 - Level 1.7 Dodging
 - Level 1.7 Stealth
 + Level 2.5 Spellcasting
 + Level 0.5 Conjurations
 - Level 0.8 Transmutations
 * Level 4.0 Earth Magic


You had 2 spell levels left.
You knew the following spells:

 Your Spells              Type           Power        Failure   Level  Hunger
a - Sandblast             Erth           ###...       2%          1    None
b - Stone Arrow           Conj/Erth      ##....       16%         3    ###....
p - Passwall              Tmut/Erth      ##........   8%          2    ##.....


Dungeon Overview and Level Annotations

Branches:
Dungeon (3/15)


Innate Abilities, Weirdness & Mutations

You have an increased reservoir of magic. (+10% MP)


Message History

Confirm with . or Enter, or press ? or * to list all spells.
You don't have enough magic to cast that spell.
Unknown command.
Casting: Sandblast
Confirm with . or Enter, or press ? or * to list all spells.
You don't have enough magic to cast that spell.
Unknown command.
The orc priest calls upon Beogh to heal the orc.
The orc's wounds heal themselves!
The orc hits you with a falchion.
* * * LOW HITPOINT WARNING * * *
You hit the orc but do no damage.
The orc is poisoned.
The orc priest calls down the wrath of Beogh upon you.
Pain shoots through your body!
* * * LOW HITPOINT WARNING * * *
You hit the orc but do no damage.
The orc looks as sick as possible!
The orc is heavily wounded.
The orc closely misses you.
The orc priest invokes the aid of Beogh against you.
Pain shoots through your body!
You die...

......#.###......................
.####.#...#......................
.# #.#.###..........(...........
.####...# #......................
...########............##########
..## #..........##### #... .##
########.#############.## .#
#######.####........#.#. ##
#......@o...........+...
#######.####........####
########o# #†....(..# #o.ooo)).#
#........# #'######### #........#
... #........# ..... #........#
#..... ########## . #..g.. .


You could see an orc priest and an orc.

Vanquished Creatures
  An orc wizard (D:3)
  2 worms (D:3)
  A dart slug (D:2)
  6 orcs (D:3)
  A ball python (D:3)
  4 giant cockroaches
  3 goblins
  4 hobgoblins
  2 jackals
  6 kobolds
  6 bats
  A frilled lizard (D:3)
  6 rats
43 creatures vanquished.

Notes
Turn   | Place    | Note
-------+----------+-------------------------------------------
     0 | D:1      | mopl the Demigod Earth Elementalist began the quest for the Orb.
     0 | D:1      | Reached XP level 1. HP: 14/14 MP: 5/5
   663 | D:1      | Reached skill level 2 in Spellcasting
   783 | D:1      | Reached skill level 3 in Earth Magic
   884 | D:2      | Reached XP level 2. HP: 19/20 MP: 7/7
  1346 | D:2      | Found a sparkling altar of Nemelex Xobeh.
  1647 | D:3      | Learned a level 2 spell: Passwall
  1661 | D:3      | Found a white marble altar of Elyvilon.
  1680 | D:3      | Reached XP level 3. HP: 21/26 MP: 9/9
  1693 | D:3      | Learned a level 3 spell: Stone Arrow
  1849 | D:3      | Reached skill level 4 in Earth Magic
  2093 | D:3      | Reached XP level 4. HP: 33/33 MP: 6/10
  2105 | D:3      | Killed from afar by an orc priest

Skill      XL: |  1  2  3 |
---------------+----------+-----
Spellcasting   | 2 |  2.5
Earth Magic    | 3 4 |  4.0
Dodging        | |  1.7
Stealth        | |  1.7
Conjurations   | |  0.5
Transmutations | |  0.8

Action                   |  1- 3 |  4- 6 || total
-------------------------+-------+-------++-------
Melee: Dagger            |    51 |       ||    51
       War axe           |    21 |     2 ||    23
 Cast: Sandblast         |    33 |     8 ||    41
 Stab: Sleeping          |     5 |       ||     5
  Eat: Chunk             |     4 |       ||     4
Armor: Robe              |    25 |     1 ||    26
Dodge: Dodged            |    80 |     2 ||    82
